 Dungeon Crawl Stone Soup version 0.16.1-14-g82efdee (webtiles) character file.

11077 KarvaRausku the Impaler (level 11, 0/86 HPs)
             Began as a Merfolk Gladiator on Apr 11, 2015.
             Was a High Priest of Okawaru.
             Killed from afar by an orc wizard (4 damage)
             ... with a puff of flame
             ... on level 11 of the Dungeon.
             The game lasted 01:02:11 (12641 turns).

KarvaRausku the Impaler (Merfolk Gladiator)        Turns: 12641, Time: 01:02:11

Health: 0/86       AC: 12    Str: 20    XL:     11   Next: 72%
Magic:  11/11      EV: 26    Int:  6    God:    Okawaru [*****.]
Gold:   495        SH:  0    Dex: 20    Spells: 0 memorised, 10 levels left

rFire  . . .     SeeInvis .     x - +0 glaive
rCold  . . .     Clarity  .     v - +1 scale mail
rNeg   + . .     SustAb   .     (no shield)
rPois  .         Gourm    .     o - +0 helmet
rElec  .         Spirit   .     i - +0 cloak
rCorr  .         Warding  .     (no gloves)
rMut   .         Stasis   .     E - +0 pair of boots
MR     .....                    (no amulet)
Stlth  ++........               Y - ring of positive energy
                                n - ring of stealth

@: agile, not resistant to hostile enchantments, unstealthy
A: change form in water, swift swim, repulsion field 1, breathe flames 1,
screaming 1, spit poison 1
a: Spit Poison, Heroism, Finesse, Renounce Religion, Breathe Fire


You were on level 11 of the Dungeon.
You worshipped Okawaru.
Okawaru was extremely pleased with you.
You were not hungry.

You visited 2 branches of the dungeon, and saw 12 of its levels.

You collected 563 gold pieces.

Inventory:

Hand weapons
 s - a +0 trident
 x - a +0 glaive (weapon)
Missiles
 c - 4 tomahawks of returning
 H - 13 steel sling bullets
 I - 9 tomahawks (quivered)
Armour
 i - a +0 cloak (worn)
 k - the -5 leather armour "Strosusolo" {-Cast rElec rF- Str+6 Int+2}
   (You found it on level 11 of the Dungeon)

   It affects your strength (+6).
   It affects your intelligence (+2).
   It makes you vulnerable to fire.
   It insulates you from electricity.
   It prevents spellcasting.
 o - a +0 helmet (worn)
 u - a +0 plate armour
 v - a +1 scale mail (worn)
 E - a +0 pair of boots (worn)
 J - a +0 naga barding of cold resistance
 O - a +0 chain mail
 X - the -6 plate armour of Groidiwn {rF+ MR- Dex+3}
   (You took it off an orc on level 10 of the Dungeon)

   It affects your dexterity (+3).
   It protects you from fire.
   It affects your resistance to hostile enchantments.
Magical staves
 M - an uncursed staff of conjuration {unknown}
Jewellery
 n - a ring of stealth (left hand)
 q - an uncursed ring of protection from cold
 Y - a ring of positive energy (right hand)
Magical devices
 h - a wand of invisibility (0)
 p - a wand of flame (8)
 t - a wand of fireball (0)
 w - a wand of fire (3)
 y - a wand of paralysis (0)
 L - a wand of random effects (17)
 Q - a wand of magic darts (16)
 U - a wand of fireball (0)
Scrolls
 d - a scroll of enchant armour
 e - a scroll of remove curse
 j - 2 scrolls of noise {unknown}
 l - 3 scrolls of identify
 r - 4 scrolls of fear {unknown}
 D - a scroll of magic mapping {unknown}
 G - a scroll of amnesia {unknown}
 T - a scroll of recharging {unknown}
Potions
 b - a potion of cure mutation
 A - a potion of flight {unknown}
Books
 m - a book of Ice

   Spells                             Type                      Level
   a - Ice Form                       Ice/Transmutation            4
   b - Metabolic Englaciation         Hexes/Ice                    5
   c - Ozocubu's Refrigeration        Ice                          6
   d - Bolt of Cold                   Conjuration/Ice              6
   e - Freezing Cloud                 Conjuration/Ice/Air          6
   f - Simulacrum                     Ice/Necromancy               6
 z - the Almanac of Nocuous Damage Dealing
   (You found it on level 4 of the Dungeon)

   Spells                             Type                      Level
   a - Flame Tongue                   Conjuration/Fire             1
   b - Cure Poison                    Poison                       2
   c - Mephitic Cloud                 Conjuration/Poison/Air       3
   d - Venom Bolt                     Conjuration/Poison           5
   e - Delayed Fireball               Conjuration/Fire             7
 K - a book of Changes

   Spells                             Type                      Level
   a - Beastly Appendage              Transmutation                1
   b - Sticks to Snakes               Transmutation                2
   c - Spider Form                    Transmutation/Poison         3
   d - Ice Form                       Ice/Transmutation            4
   e - Blade Hands                    Transmutation                5
 W - a book of Minor Magic

   Spells                             Type                      Level
   a - Magic Dart                     Conjuration                  1
   b - Blink                          Translocation                2
   c - Call Imp                       Summoning                    2
   d - Repel Missiles                 Charms/Air                   2
   e - Slow                           Hexes                        2
   f - Conjure Flame                  Conjuration/Fire             3
   g - Mephitic Cloud                 Conjuration/Poison/Air       3
Miscellaneous
 a - a plain deck of changes {drawn: 4}
Comestibles
 f - 10 bread rations
 g - 6 meat rations
 B - 11 chunks of flesh
 P - 2 beef jerkies
 R - a royal jelly


   Skills:
 + Level 7.8 Fighting
 + Level 15.7 Polearms
 - Level 5.2 Throwing
 + Level 5.2 Armour
 + Level 12.4 Dodging


You had 10 spell levels left.
You didn't know any spells.

Dungeon Overview and Level Annotations

Branches:
Dungeon (11/15)            Temple (1/1) D:7            Lair (0/8) D:8
    Orc (0/4) D:10

Altars:
Ashenzari
Cheibriados
Dithmenos
Elyvilon
Fedhas
Gozag
Kikubaaqudgha
Makhleb
Nemelex Xobeh
Okawaru
Qazlal
Ru
Sif Muna
Trog
Vehumet
Xom
Yredelemnul
Zin
The Shining One

Shops:
D:6 (

Annotations:
D:3 deszczowiec's ghost, average TeAE
D:9 trantor's ghost, experienced MiFi
D:11 Josephine


Innate Abilities, Weirdness & Mutations

You revert to your normal form in water.
You are very nimble and swift while swimming.
You are surrounded by a mild repulsion field (EV +2).
You can breathe flames.
You occasionally shout uncontrollably at your foes.
You can spit poison.


Message History

You hear some strange, mumbled words.
A puff of flame appears from out of thin air!
The puff of flame hits you!
* * * LOW HITPOINT WARNING * * *
Something hits you but does no damage. Something barely misses you.
Drink which item? (? for menu, Esc to quit)
You feel agile all of a sudden. Something hits you but does no damage.
You hear some strange, mumbled words.
The puff of frost misses you.
You hear some strange, mumbled words.
A puff of flame appears from out of thin air!
The puff of flame misses you.
You hear some strange, mumbled words.
The puff of frost misses you.
You hear some strange, mumbled words.
A puff of flame appears from out of thin air!
The puff of flame hits you!
You die...

.. # # # .. ## ####
..# #.# #@#
##########.#
#..o.o..##{#
#.#####.##.# #.#
#....# #.# #..o.#
#######o#####....###
..o.....##...(.....#
##########.(.......#


You could see an orc wizard.

Vanquished Creatures
  A skeletal warrior (D:11)
  3 unseen horrors (D:10)
  A hill giant (D:10)
  The ghost of KarvaRausku the Carver, an average TeGl of Okawaru (D:5)
  5 yaks (D:9)
  A wyvern (D:11)
  A deep elf mage (D:11)
  A spriggan (D:7)
  Eustachio (D:5)
  Grum (D:10)
  A hungry ghost (D:9)
  2 hippogriffs
  3 wolves (D:10)
  Edmund (D:7)
  Menkaure (D:5)
  3 phantoms
  3 ice beasts
  A black bear (D:11)
  8 orc warriors
  5 sky beasts
  3 ogres
  6 centaurs
  A crocodile (D:8)
  Duvessa (D:5)
  A wyvern zombie (D:9)
  3 giant frogs
  7 wights
  9 killer bees
  2 quasits
  Dowan (D:4)
  A goliath beetle (D:7)
  2 centaur zombies
  4 crimson imps
  4 hounds
  2 giant frog zombies (D:6)
  3 giant frog skeletons
  3 centaur skeletons
  8 orc priests
  A jelly (D:7)
  9 orc wizards
  8 worker ants
  5 iguanas
  A killer bee zombie (D:6)
  Ijyb (D:7)
  Jessica (D:2)
  A hound zombie (D:9)
  A hound skeleton (D:7)
  A mummy (D:9)
  Robin (D:1)
  4 adders
  A worker ant zombie (D:10)
  3 gnolls (D:2)
  A worm (D:4)
  3 giant geckos
  2 oozes
  43 orcs
  2 ball pythons
  4 giant cockroaches
  14 goblins
  17 hobgoblins
  2 quokkas
  11 bats
  4 giant newts
  A giant spore (D:10)
  9 kobolds
  12 rats
  A ballistomycete (D:10)
269 creatures vanquished.

Notes
Turn   | Place    | Note
--------------------------------------------------------------
     0 | D:1      | KarvaRausku, the Merfolk Gladiator, began the quest for the Orb.
     0 | D:1      | Reached XP level 1. HP: 16/16 MP: 1/1
   221 | D:1      | Reached skill level 5 in Polearms
   228 | D:1      | Reached XP level 2. HP: 13/22 MP: 2/2
   915 | D:2      | Noticed Jessica
   923 | D:2      | Killed Jessica
   923 | D:2      | Reached skill level 6 in Polearms
   923 | D:2      | Reached XP level 3. HP: 27/27 MP: 3/3
  1021 | D:2      | Noticed Robin
  1213 | D:1      | Killed Robin
  1313 | D:2      | Reached XP level 4. HP: 22/33 MP: 4/4
  1469 | D:2      | Reached skill level 7 in Polearms
  1847 | D:3      | Noticed deszczowiec's ghost (average TeAE)
  2056 | D:4      | Identified the Almanac of Nocuous Damage Dealing
  2133 | D:4      | Reached XP level 5. HP: 38/38 MP: 5/5
  2219 | D:4      | Reached skill level 8 in Polearms
  2498 | D:4      | Noticed a giant frog
  2505 | D:4      | Killed a giant frog
  2511 | D:4      | Reached skill level 5 in Dodging
  2511 | D:4      | Reached XP level 6. HP: 22/44 MP: 6/6
  2754 | D:4      | Gained mutation: You occasionally shout uncontrollably at your foes. [potion of mutation]
  2754 | D:4      | Gained mutation: You can spit poison. [potion of mutation]
  2754 | D:4      | Gained mutation: You can breathe flames. [potion of mutation]
  2755 | D:4      | Reached skill level 9 in Polearms
  3156 | D:5      | Entered Level 5 of the Dungeon
  3556 | D:5      | Gained mutation: You are surrounded by a mild repulsion field (EV +2). [potion of beneficial mutation]
  3853 | D:5      | Noticed KarvaRausku's ghost (average TeGl)
  3856 | D:5      | Noticed Dowan
  3963 | D:5      | Noticed Duvessa
  3975 | D:5      | Reached XP level 7. HP: 43/50 MP: 7/7
  3981 | D:5      | Killed Duvessa
  3981 | D:5      | Reached skill level 10 in Polearms
  4203 | D:5      | Noticed Menkaure
  4456 | D:6      | Found Azopna's Antique Weapon Boutique.
  4542 | D:6      | Reached skill level 11 in Polearms
  4611 | D:6      | Reached XP level 8. HP: 53/56 MP: 8/8
  4825 | D:6      | Reached skill level 12 in Polearms
  5834 | D:5      | Killed KarvaRausku's ghost
  5834 | D:5      | Reached skill level 13 in Polearms
  6317 | D:4      | Killed Dowan
  6341 | D:5      | Killed Menkaure
  6341 | D:5      | Reached XP level 9. HP: 62/62 MP: 9/9
  6376 | D:5      | Noticed Eustachio
  6443 | D:5      | Killed Eustachio
  6443 | D:5      | Reached skill level 1 in Armour
  6751 | D:7      | Found a staircase to the Ecumenical Temple.
  6758 | Temple   | Entered the Ecumenical Temple
  6856 | Temple   | Became a worshipper of Warmaster Okawaru
  6923 | D:7      | Noticed Ijyb
  6948 | D:7      | Killed Ijyb
  7758 | D:7      | Noticed Edmund
  7765 | D:7      | Killed Edmund
  7853 | D:8      | Reached skill level 14 in Polearms
  7853 | D:8      | Reached skill level 10 in Dodging
  7864 | D:8      | Acquired Okawaru's first power
  7991 | D:8      | Found a shadowy altar of Dithmenos.
  8085 | D:8      | Found a staircase to the Lair.
  8385 | D:9      | Reached XP level 10. HP: 73/73 MP: 10/10
  8435 | D:9      | Drew Focus: Str increased to 20, Int decreased to 6
  8440 | D:9      | Reached skill level 5 in Fighting
  9448 | D:9      | Noticed trantor's ghost (experienced MiFi)
  9824 | D:10     | Entered Level 10 of the Dungeon
 10003 | D:10     | Killed an unseen horror
 10136 | D:10     | Noticed a hill giant
 10162 | D:10     | Killed a hill giant
 10162 | D:10     | Reached skill level 15 in Polearms
 10162 | D:10     | Reached XP level 11. HP: 63/83 MP: 11/11
 11251 | D:10     | Killed an unseen horror
 11272 | D:10     | Noticed Grum
 11296 | D:10     | Reached skill level 5 in Throwing
 11298 | D:10     | Killed Grum
 11298 | D:10     | Acquired Okawaru's second power
 11451 | D:10     | Killed an unseen horror
 11931 | D:10     | Got a bronze plate armour
 11954 | D:10     | Found a staircase to the Orcish Mines.
 11978 | D:10     | Identified the cursed -6 plate armour of Groidiwn {rF+ MR- Dex+3} (You took it off an orc on level 10 of the Dungeon)
 12116 | D:11     | Noticed a skeletal warrior
 12116 | D:11     | Noticed a skeletal warrior
 12119 | D:11     | Noticed a skeletal warrior
 12174 | D:11     | Got an ichor-stained leather armour
 12206 | D:11     | Identified the cursed -5 leather armour "Strosusolo" {-Cast rElec rF- Str+6 Int+2} (You found it on level 11 of the Dungeon)
 12448 | D:11     | Noticed Josephine
 12486 | D:11     | Reached skill level 5 in Armour
 12616 | D:11     | HP: 1/85 [skeletal warrior/dire flail (11)]
 12617 | D:11     | Killed a skeletal warrior
 12630 | D:11     | HP: 2/86 [something/puff of flame (3)]
 12641 | D:11     | Killed from afar by an orc wizard

Action                   |  1- 3 |  4- 6 |  7- 9 | 10-12 || total
-------------------------+-------+-------+-------+-------++-------
Melee: Trident           |   124 |   215 |   619 |   371 ||  1329
       Glaive            |       |       |       |   202 ||   202
Throw: Throwing net      |       |       |     2 |     3 ||     5
       Tomahawk          |       |       |       |    14 ||    14
 Abil: Breathe Fire      |       |     2 |     3 |    12 ||    17
       Spit Poison       |       |       |     1 |     1 ||     2
Evoke: Wand              |       |     2 |     6 |     7 ||    15
       Deck              |       |       |       |     4 ||     4
  Use: Potion            |       |     3 |     4 |     7 ||    14
       Scroll            |       |       |     4 |    12 ||    16
 Stab: Paralysed         |       |       |    14 |     2 ||    16
       Sleeping          |       |       |       |     1 ||     1
  Eat: Chunk             |     1 |    10 |    12 |    12 ||    35
       Beef jerky        |       |       |     1 |       ||     1
       Bread ration      |       |       |       |     2 ||     2
